Map: Blackburn LE

Players

SortOf

  • Race: Zerg Zerg

MarineLorD - Winner!

  • Race: Terran Terran
  • League: Master

Event: DreamHack SC2 Masters 2021 Winter

VOD

Have the link to the VOD?

Description

Time

  • Played on: Oct. 5, 2021, 2:32 p.m.
  • Length: 8:17

All games in this series

Show
View Real Time Build Order
Export as new Build Order

SortOf Zerg 

Build Orders: Hatch First 

Get SALT Encoding   

  12  0:00  Drone  
  13  0:12  Overlord  
  13  0:17  Drone  
  14  0:31  Drone x2  
  16  0:48  Hatchery  
  15  0:52  Drone  
  15  0:55  Drone  
  17  0:59  Drone  
  18  1:10  Extractor  
  17  1:14  Spawning Pool  
  17  1:17  Drone  
  17  1:21  Drone  
  18  1:28  Drone  
  19  2:01  Queen x2  
  19  2:02  Zergling x6, Spine Crawler  
  25  2:14  Drone  
  24  2:24  Drone  
  22  2:33  Zergling x2  
  22  2:36  Drone  
  23  2:42  Drone  
  24  2:47  Drone  
  24  2:51  Overlord  
  25  2:55  Drone  
  26  3:00  Drone  
  27  3:06  Overlord  
  27  3:13  Drone x3  
  30  3:21  Queen  
  32  3:28  Drone  
  32  3:30  Drone  
  32  3:31  Drone  
  32  3:33  Drone  
  36  3:36  Drone  
  36  3:40  Drone x2  
  39  3:45  Metabolic Boost  
  39  3:50  Overlord  
  39  3:53  Drone  
  40  3:58  Drone  
  40  3:59  Drone  
  42  4:09  Hatchery  
  41  4:14  Drone x2  
  43  4:18  Queen  
  43  4:21  Overlord  
  45  4:24  Zergling x4  
  45  4:26  Zergling x2  
  45  4:28  Zergling x2  
  45  4:30  Zergling x2  
  51  4:31  Drone  
  51  4:35  Overlord  
  51  4:40  Baneling Nest  
  51  4:44  Queen  
  52  4:48  Drone x3  
  55  4:53  Drone  
  55  4:54  Drone  
  55  4:58  Drone x2  
  59  5:00  Queen  
  59  5:03  Overlord  
  61  5:08  Drone x3  
  61  5:11  Spore Crawler  
  61  5:12  Extractor  
  62  5:15  Spore Crawler  
  62  5:19  Drone  
  62  5:23  Drone x2  
  62  5:26  Drone x4  
  68  5:29  Lair  
  68  5:32  Drone x2  
  70  5:37  Queen  
  70  5:39  Overlord  
  72  5:45  Drone x4  
  72  5:48  Overlord  
  76  5:51  Spore Crawler  
  75  5:57  Drone x3  
  75  5:58  Extractor  
  75  5:59  Drone, Extractor  
  75  6:00  Drone  
  75  6:02  Drone x3  
  81  6:11  Overlord  
  81  6:12  Overlord  
  81  6:13  Drone  
  81  6:16  Hatchery  
  81  6:20  Evolution Chamber  
  81  6:21  Drone x2, Evolution Chamber  
  81  6:22  Drone  
  78  6:29  Drone x5  
  78  6:31  Drone  
  81  6:33  Drone x2  
  81  6:35  Zergling x2  
  81  6:37  Zergling x2  
  85  6:43  Zergling x4  
  85  6:46  Zergling x2  
  85  6:47  Zergling x2  
  83  7:03  Overlord x2  
  83  7:13  Overlord  
  83  7:14  Overlord  
  83  7:25  Overlord x2  
  82  7:33  Baneling x2  
  82  7:34  Drone x12, Baneling x3  
  94  7:42  Zergling x2  
  97  7:44  Zergling x6  
  97  7:46  Zergling x2  
  97  7:47  Zergling x2  
  97  7:50  Zergling x2  
  97  7:51  Zergling x2  
  103  7:56  Zergling x10  
  92  8:07  Spore Crawler  
Show
View Real Time Build Order
Export as new Build Order

MarineLorD Terran - Winner!

Build Orders:  

Get SALT Encoding   

  12  0:00  SCV  
  13  0:12  SCV  
  14  0:17  Supply Depot  
  14  0:24  SCV  
  15  0:38  SCV  
  15  0:41  Barracks  
  16  0:52  Barracks  
  16  0:56  SCV  
  17  1:08  SCV  
  18  1:13  Refinery  
  19  1:28  Marine  
  19  1:29  Orbital Command  
  19  1:37  Supply Depot  
  19  1:39  Marine  
  20  1:46  Marine  
  21  1:49  Bunker  
  21  1:57  Marine  
  22  2:03  Marine  
  22  2:05  Bunker  
  22  2:07  SCV  
  24  2:15  Marine  
  23  2:19  SCV  
  23  2:21  Marine  
  26  2:31  SCV  
  26  2:33  Marine  
  27  2:37  Factory  
  27  2:43  SCV  
  29  2:50  Supply Depot  
  30  2:55  SCV  
  28  3:03  Command Center  
  28  3:07  SCV  
  29  3:19  SCV  
  30  3:22  Factory Reactor  
  30  3:23  Starport  
  30  3:31  SCV  
  30  3:32  Refinery  
  31  3:42  Supply Depot  
  31  3:44  SCV  
  32  3:50  Barracks  
  32  3:56  SCV  
  32  3:59  Hellion x2  
  32  4:00  Viking  
  39  4:08  SCV  
  40  4:10  Barracks Tech Lab, Barracks Reactor  
  40  4:17  Orbital Command  
  40  4:20  SCV  
  41  4:25  Hellion  
  41  4:26  Hellion  
  41  4:30  Stimpack  
  45  4:32  SCV  
  45  4:34  Marine  
  47  4:42  SCV  
  47  4:44  SCV  
  49  4:48  Marine x2  
  49  4:52  Marine  
  52  4:54  SCV  
  52  4:57  SCV, Marine x2  
  52  4:58  Starport Reactor  
  56  5:04  Supply Depot x2  
  56  5:05  Factory Reactor  
  56  5:06  SCV, Marine  
  58  5:09  SCV, Marine  
  58  5:12  Marine  
  61  5:15  Marine  
  61  5:18  Supply Depot  
  62  5:25  Marine x2  
  62  5:27  SCV x2, Marine  
  67  5:35  Marine x2  
  67  5:36  Medivac x2  
  73  5:49  SCV x2  
  75  5:50  Marine x2  
  75  5:51  Command Center, Marine  
  75  5:53  Marine  
  75  5:54  Marine  
  80  6:02  SCV  
  80  6:03  Supply Depot  
  81  6:05  Supply Depot  
  81  6:10  Medivac, Combat Shield  
  81  6:11  Medivac  
  85  6:20  Marine  
  85  6:24  Widow Mine, SCV, Marine x3  
  92  6:29  Marine  
  85  6:37  Marine  
  85  6:39  SCV  
  87  6:42  Marine x3  
  87  6:46  Marine  
  89  6:48  Widow Mine x2, SCV  
  89  6:52  SCV  
  94  6:55  Marine  
  94  7:00  SCV, Marine x3  
  98  7:02  Refinery x2  
  98  7:04  SCV  
  96  7:09  Orbital Command  
  96  7:13  Marine  
  95  7:16  Medivac x2  
  95  7:17  Marine  
  95  7:20  Engineering Bay  
  95  7:21  Marine x2  
  95  7:22  Engineering Bay  
  101  7:23  Marine  
  102  7:30  Orbital Command  
  102  7:31  Marine  
  102  7:35  Marine  
  102  7:36  SCV  
  105  7:39  Marine x2  
  105  7:40  SCV  
  105  7:41  Marine  
  109  7:48  SCV  
  109  7:49  Marine  
  111  7:53  Marine  
  111  7:56  Marine  
  111  7:57  SCV, Marine  
  112  7:59  Marine  
  112  8:03  Barracks  
  112  8:05  Barracks  

Tags
 
Add a new tag
Caveats
  • Supply blocks, unpowered buildings, or Contaminate may cause inaccurate times.
  • Supply counts are checked every 10 seconds.